 Dungeon Crawl Stone Soup version 0.31-a0-222-gefeffbb62a (webtiles) character file.

Game seed: 17884818014174065193

6751 Newt the Markskobold (level 11, -4/68 HPs)
             Began as a Kobold Hunter on July 5, 2023.
             Slain by a hornet (12 damage)
             ... while paralysed by a hornet
             ... on level 9 of the Dungeon.
             The game lasted 00:12:09 (11220 turns).

Newt the Markskobold (Kobold Hunter)               Turns: 11220, Time: 00:12:10

Health: -4/68      AC:  6    Str: 11    XL:     11   Next: 24%
Magic:  11/11      EV:  3    Int:  8    God:
Gold:   462        SH:  0    Dex: 37    Spells: 10/10 levels left

rFire   . . .        a - +0 shortbow
rCold   . . .        (shield currently unavailable)
rNeg    . . .        B - +0 steam dragon scales
rPois   .            C - +0 hat
rElec   .            D - scarf {shadows}
rCorr   .            v - +0 pair of gloves
SInv    .            (no boots)
Will    .....        (no amulet)
Stlth   +++++++      f - +5 ring of evasion
HPRegen 0.31/turn    y - +6 ring of dexterity
MPRegen 0.12/turn

%: random rage (3%)
@: paralysed, lethally poisoned (-4 -> -10), slowed, unable to drink
A: small, no large weapons, nightstalker 3, thin skeletal structure 1, agile 2,
berserk 1, strong 1, inability to drink after injury 1
a: no special abilities


You were on level 9 of the Dungeon.
You visited 2 branches of the dungeon, and saw 10 of its levels.

You collected 462 gold pieces.

Inventory:

Hand Weapons
 a - a +0 shortbow (weapon)
Armour
 c - a +0 leather armour
 m - the -2 pair of gloves of the Tick {+Inv rElec Int+3 Dex-4}
   (You found it on level 5 of the Dungeon)

   Int:       It affects your intelligence (+3).
   Dex:       It affects your dexterity (-4).
   rElec:     It insulates you from electricity.
   +Inv:      It lets you turn invisible.
 v - a +0 pair of gloves (worn)
 B - +0 steam dragon scales (worn)
 C - a +0 hat (worn)
 D - a scarf of shadows (worn)
Jewellery
 e - a ring of magical power
 f - a +5 ring of evasion (left hand)
 i - a ring of protection from fire
 n - a +6 ring of intelligence
 y - a +6 ring of dexterity (right hand)
Wands
 j - a wand of paralysis (19)
 k - a wand of iceblast (2)
 u - a wand of flame (27)
Scrolls
 b - a scroll of butterflies
 g - a scroll of revelation
 h - a scroll of silence
 t - a scroll of teleportation
 E - a scroll of fear {unknown}
Potions
 d - a potion of lignification
 l - a potion of cancellation
 o - 2 potions of degeneration
 p - 2 potions of invisibility
 q - a potion of heal wounds
 r - 2 potions of berserk rage
 s - 2 potions of magic {unknown}
 w - 2 potions of curing
 x - a potion of might
 z - 2 potions of mutation
 A - a potion of ambrosia {unknown}


   Skills:
 - Level 8.0 Fighting
 - Level 16.0 Ranged Weapons
 - Level 7.0 Dodging
 + Level 7.4 Stealth
 - Level 6.0 Evocations


You had 10 spell levels left.
You didn't know any spells.
Your spell library contained the following spells:

 Spells                   Type           Power      Damage    Failure   Level
 Sting                    Tmut/Pois      0%         1d3       41%         1
 Poisonous Vapours        Pois/Air       0%         N/A       54%         2
 Static Discharge         Conj/Air       0%         2-2/arc   54%         2
 Airstrike                Air            0%         2d(0-16)  99%         4
 Olgreb's Toxic Radiance  Pois           0%         N/A       99%         4
 Summon Lightning Spire   Summ/Air       0%         N/A       99%         4


Dungeon Overview and Level Annotations

Branches:
Dungeon (9/15)             Temple (1/1) D:4            Lair (0/5) D:9
    Orc: D:9-12

Altars:
Ashenzari
Cheibriados
Dithmenos
Elyvilon
Fedhas
Gozag
Kikubaaqudgha
Makhleb
Nemelex Xobeh
Okawaru
Qazlal
Ru
Sif Muna
Trog
Uskayaw
Vehumet
Wu Jian
Xom
Yredelemnul
Zin
The Shining One

Shops:
D:1 ==[   D:9 :


Innate Abilities, Weirdness & Mutations

You are small and have problems with some larger weapons.
You are completely attuned to the shadows.
You have a somewhat thin skeletal structure. (Dex +2, Stealth+)
You are very agile. (Dex +8, Str/Int -2)
You sometimes lose your temper in combat.
Your muscles are strong. (Str +4, Int/Dex -1)
You occasionally lose the ability to drink potions when taking damage.


Message History

Unknown command.
Unknown command.
Unknown command.
You shoot an arrow. The arrow barely misses the hornet.
You feel very sick. The hornet misses you.
An orc priest comes into view. It is wielding a +0 club.
The hornet closely misses you.
Unknown command.
You are too injured to fight recklessly!
Unknown command.
You are too injured to fight recklessly!
Unknown command.
Fire: a) +0 shortbow
Press: ? - help, Shift-Dir - straight line, f - orc priest, p - hornet
Aim: an orc priest, wielding a +0 club (77% to hit)
You shoot an arrow.
The arrow hits the hornet but does no damage.
The hornet is severely wounded.
You feel very sick.
You hear a shout!
The hornet completely misses you.
Unknown command.
Fire: a) +0 shortbow
Press: ? - help, Shift-Dir - straight line, f/p - orc priest
Aim: an orc priest, wielding a +0 club (77% to hit)
You shoot an arrow. The arrow hits the hornet.
The hornet is severely wounded.
You feel yourself speed up.
You feel very sick. The hornet stings you.
You suddenly lose the ability to move!
The hornet stings you!
You feel threatened and lose the ability to drink potions!
* * * LOW HITPOINT WARNING * * *
You feel yourself slow down.
* * * LOW HITPOINT WARNING * * *
You feel very sick.
The hornet stings you but does no damage.
You feel sick. The hornet stings you!
You die...

#.'########'.##...♣............
#.#........#............#...#..
#.#⌠......⌠#.#...♣∩♣....#......
#.#.._.._..#.#..........#......
#⌠......⌠#.#....♣.....#......
##########...[...............
#.#.################ #oy.#
..#@# ..#)# #.# ..#


You could see a hornet and an orc priest.

Vanquished Creatures
  A two-headed ogre (D:9)
  Pikel (D:6)
  Sigmund (D:7)
  3 yaks (D:9)
  A steam dragon (D:8)
  2 wargs (D:9)
  Edmund (D:7)
  3 water moccasins
  Duvessa (D:6)
  4 orc warriors
  2 ice beasts
  A sky beast (D:7)
  2 black bears
  3 ogres
  A centaur (D:8)
  3 lemures (D:6)
  2 kobold brigands (D:6)
  4 bullfrogs
  5 scorpions
  8 wights
  Dowan (D:6)
  6 killer bees
  7 crimson imps (D:8)
  8 hounds
  6 jellies
  6 orc priests
  2 gnoll boudas
  6 iguanas
  10 orc wizards
  2 sleepcaps (D:5)
  8 gnolls
  6 adders
  3 shadow imps
  3 white imps
  2 worms (D:2)
  A dart slug (D:1)
  30 orcs
  12 ball pythons
  11 endoplasms
  6 goblins
  4 jackals (D:3)
  13 kobolds
  3 quokkas
  6 bats
  6 frilled lizards
  2 rats
219 creatures vanquished.

Vanquished Creatures (others)
  A quokka (D:6)
1 creature vanquished.

Grand Total: 220 creatures vanquished

Notes
Turn   | Place    | Note
-------+----------+-------------------------------------------
     0 | D:1      | Newt the Kobold Hunter began the quest for the Orb.
     0 | D:1      | Reached XP level 1. HP: 12/12 MP: 1/1
    30 | D:1      | Found Ysaloedi's Jewellery Shop.
    38 | D:1      | Reached XP level 2. HP: 6/18 MP: 2/2
   399 | D:1      | Reached XP level 3. HP: 23/23 MP: 3/3
   445 | D:1      | Found a faded altar of an unknown god.
   474 | D:1      | Found Lunerilebe's Antique Armour Shop.
   485 | D:1      | Found Xaer's Jewellery Emporium.
  1052 | D:2      | Reached XP level 4. HP: 11/30 MP: 4/4
  1486 | D:2      | Reached skill level 5 in Fighting
  1816 | D:3      | Noticed a bullfrog
  1820 | D:3      | Killed a bullfrog
  1821 | D:3      | Reached skill level 6 in Ranged Weapons
  1821 | D:3      | Reached XP level 5. HP: 33/35 MP: 5/5
  2132 | D:3      | Gained mutation: You are robust. (+10% HP) [potion of
                  | mutation]
  2132 | D:3      | Gained mutation: You occasionally shout uncontrollably at
                  | your foes. [potion of mutation]
  2133 | D:3      | Lost mutation: You occasionally shout uncontrollably at
                  | your foes. [potion of mutation]
  2133 | D:3      | Lost mutation: You are robust. (+10% HP) [potion of
                  | mutation]
  2133 | D:3      | Gained mutation: You occasionally lose the ability to drink
                  | potions when taking damage. [potion of mutation]
  2133 | D:3      | Gained mutation: You occasionally lose the ability to read
                  | scrolls when taking damage. [potion of mutation]
  2133 | D:3      | Gained mutation: You have large cloven feet. [potion of
                  | mutation]
  2134 | D:3      | Lost mutation: You have large cloven feet. [potion of
                  | mutation]
  2134 | D:3      | Lost mutation: You occasionally lose the ability to read
                  | scrolls when taking damage. [potion of mutation]
  2134 | D:3      | Gained mutation: You have hidden genetic potential. [potion
                  | of mutation]
  2134 | D:3      | Gained mutation: You have a somewhat thin skeletal
                  | structure. (Dex +2, Stealth+) [potion of mutation]
  2134 | D:3      | Gained mutation: You sometimes lose your temper in combat.
                  | [potion of mutation]
  2134 | D:3      | Gained mutation: You are agile. (Dex +4, Str/Int -1)
                  | [potion of mutation]
  2769 | D:4      | Reached skill level 7 in Ranged Weapons
  2769 | D:4      | Reached XP level 6. HP: 40/40 MP: 6/6
  2830 | D:4      | Reached skill level 8 in Ranged Weapons
  2833 | D:4      | Gained mutation: You are very agile. (Dex +8, Str/Int -2)
                  | [hidden potential]
  3217 | D:4      | Found a staircase to the Ecumenical Temple.
  3369 | Temple   | Entered the Ecumenical Temple
  3487 | D:4      | Reached XP level 7. HP: 44/44 MP: 7/7
  3680 | D:4      | You fall into a shaft and drop 3 floors!
  3697 | D:7      | Reached skill level 9 in Ranged Weapons
  3743 | D:6      | Gained mutation: Your muscles are strong. (Str +4, Int/Dex
                  | -1) [hidden potential]
  3743 | D:6      | Lost mutation: You have hidden genetic potential. [hidden
                  | potential expressed]
  3772 | D:6      | Found a white marble altar of Elyvilon.
  4004 | D:6      | Reached skill level 10 in Ranged Weapons
  4005 | D:6      | Noticed Pikel
  4019 | D:6      | Killed Pikel
  4020 | D:6      | Reached XP level 8. HP: 20/49 MP: 8/8
  4247 | D:5      | Entered Level 5 of the Dungeon
  4448 | D:4      | Found a glowing silver altar of Zin.
  4568 | D:4      | Found a bloodstained altar of Trog.
  4926 | D:5      | Reached XP level 9. HP: 56/56 MP: 9/9
  5608 | D:5      | Reached skill level 11 in Ranged Weapons
  6106 | D:5      | Identified the -2 pair of gloves of the Tick {+Inv rElec
                  | Int+3 Dex-4}
  6268 | D:6      | Reached skill level 12 in Ranged Weapons
  6297 | D:6      | Noticed Dowan
  6317 | D:6      | Killed Dowan
  6529 | D:6      | Reached skill level 13 in Ranged Weapons
  6806 | D:6      | Noticed Duvessa
  6820 | D:6      | Killed Duvessa
  6821 | D:6      | Reached XP level 10. HP: 48/64 MP: 10/10
  7634 | D:7      | Reached skill level 14 in Ranged Weapons
  7651 | D:7      | Reached skill level 1 in Evocations
  7722 | D:7      | Noticed Sigmund
  7732 | D:7      | Killed Sigmund
  7749 | D:7      | Noticed Edmund
  7767 | D:7      | Killed Edmund
  8068 | D:7      | Reached skill level 5 in Evocations
  8595 | D:8      | Found a shadowy altar of Dithmenos.
  9689 | D:9      | Reached skill level 15 in Ranged Weapons
 10162 | D:9      | Reached XP level 11. HP: 44/68 MP: 11/11
 10369 | D:9      | Reached skill level 16 in Ranged Weapons
 10581 | D:9      | Found Ellipt's Book Shop.
 10601 | D:9      | Found a staircase to the Lair.
 10932 | D:9      | Noticed a two-headed ogre
 10938 | D:9      | Killed a two-headed ogre
 11090 | D:9      | Found a sacrificial altar of Ru.
 11094 | D:9      | Found a basalt altar of Yredelemnul.
 11213 | D:9      | Paralysed by a hornet for 2 turns
 11218 | D:9      | Paralysed by a hornet for 3 turns
 11220 | D:9      | Slain by a hornet

Illustrated notes

Levels and vault maps discovered:
D:1:      dpeg_arrival_leaves_temple_mockup, layout_basic, serial_shops, shop,
          shop, nicolae_shop_crystal, ebering_ecumenical_altar_rust,
          dreamdust_mushroom_princess
D:2:      layout_loops_cross, minmay_split_cup_small
D:3:      layout_basic, minmay_misc_feat_cross
D:4:      layout_loops_ring, lemuel_coloured_pillars_altar, trog_book,
          minmay_temple_entry_water_ring, kennysheep_doodads,
          kennysheep_cluttered_room
D:5:      layout_loops_cross, nicolae_concentric_dashed_squares_wild,
          minmay_crystal_water, minmay_pentangle
D:6:      layout_basic, elyvilon_altar_4, lemuel_flame_loot_1, uniq_pikel,
          uniq_duvessa
D:7:      layout_loops_ring, sigmund_edmund_badplayer
D:8:      layout_cave_pods, nicolae_dithmenos_shadow_blocks, minmay_nine_imps
D:9:      layout_stronghold, jmf_multi_god_temple, erik_lair_orcish_takeover,
          serial_shops, nicolae_shop_trees
Temple:   hellmonk_temple_two_chambers

Skill      XL: |  1  2  3  4  5  6  7  8  9 10 11 |
---------------+----------------------------------+-----
Fighting       | 3 4 5 6 8 |  8.0
Ranged Weapons | 6 7 8 10 13 15 16 | 16.0
Dodging        | 7 |  7.0
Evocations     | 6 |  6.0
Stealth        | 7 |  7.4

Action                     |  1- 3 |  4- 6 |  7- 9 | 10-12 || total
---------------------------+-------+-------+-------+-------++-------
  Melee: Shortbow          |       |       |       |     3 ||     3
   Fire: Shortbow          |    75 |   108 |   320 |   354 ||   857
  Evoke: Wand              |       |       |    12 |       ||    12
    Use: Scroll            |     5 |     1 |     4 |     3 ||    13
         Potion            |     1 |     4 |     1 |     2 ||     8
 Armour: Leather armour    |     4 |     2 |    14 |     2 ||    22
         Steam dragon scal |       |       |       |    23 ||    23
  Dodge: Dodged            |    22 |    60 |   171 |   214 ||   467

Table legend: (Time is in decaauts)
 A = Elapsed time spent in this place.
 B = Non-inter-level travel time spent in this place.
 C = Inter-level travel time spent in this place.
 D = Time resting spent in this place.
 E = Time spent auto-exploring this place.
 F = Levels seen in this place.
 G = Mean time per level.
                   A        B        C        D        E       F      G
               +--------+--------+--------+--------+--------+-----+--------+
         Total |  11124 |  10733 |    391 |   1838 |   7650 |  10 | 1112.4 |
       Dungeon |  11092 |  10708 |    384 |   1838 |   7632 |   9 | 1232.4 |
        Temple |     31 |     24 |      7 |      0 |     18 |   1 |   31.0 |
               +--------+--------+--------+--------+--------+-----+--------+

Top non-repeatable levels by time:
     D:5: 1727 daAuts
     D:6: 1682 daAuts
     D:9: 1498 daAuts
     D:8: 1167 daAuts
     D:4: 1164 daAuts
     D:7: 1068 daAuts
     D:2: 1030 daAuts
     D:3: 967 daAuts
     D:1: 784 daAuts
  Temple: 31 daAuts
